 Dungeon Crawl Stone Soup version 0.25.1-2-g60ff931df9 (webtiles) character file.

Game seed: 7817584411252807304

92825 gruber the Fencer (level 15, -2/133 HPs)
             Began as a Minotaur Berserker on Sept 27, 2020.
             Was a High Priest of Trog.
             Blown up by an orb spider (31 damage)
             ... with an orb of destruction
             ... on level 2 of the Spider Nest.
             The game lasted 00:34:05 (30285 turns).

gruber the Fencer (Minotaur Berserker)             Turns: 30285, Time: 00:34:06

Health: -2/133     AC: 20    Str: 35    XL:     15   Next: 59%
Magic:  14/14      EV: 15    Int:  4    God:    Trog [*****.]
Gold:   595        SH:  5    Dex:  9    Spells: 14/14 levels left

rFire    . . .     SeeInvis +   t - +4 triple sword (flame)
rCold    . . .     Gourm    .   (shield currently unavailable)
rNeg     . . .     Faith    .   Z - +1 plate armour {rPois}
rPois    +         Spirit   .   Q - +1 hat {SInv}
rElec    +         Reflect  +   H - scarf {repulsion}
rCorr    .         Harm     .   J - +0 pair of gloves
MR       ++++.                  (no boots)
Stlth    ..........             h - amulet of reflection
HPRegen  1.32/turn              V - ring of protection from magic
MPRegen  0.14/turn              X - ring "Toirchev" {rElec Str+6 Slay+5 SInv Stlth-}

@: regenerating, repel missiles
A: retaliatory headbutt, horns 2
a: Berserk, Trog's Hand, Brothers in Arms, Renounce Religion


You were on level 2 of the Spider Nest.
You worshipped Trog.
Trog was extremely pleased with you.
You were not hungry.

You visited 4 branches of the dungeon, and saw 25 of its levels.
You also visited: Sewer.

You collected 2202 gold pieces.
You spent 1607 gold pieces at shops.

Inventory:

Hand Weapons
 t - a +4 triple sword of flaming (weapon)
 v - a +0 hand crossbow
 M - a +8 vorpal demon blade
 S - the +2 long sword of Defiance {freeze, rF+ Dex+4 SInv}
   (You found it on level 14 of the Dungeon)

   It has been specially enchanted to freeze those struck by it, causing extra
   injury to most foes and up to half again as much damage against particularly
   susceptible opponents.
   It can also slow down cold-blooded creatures.
   It affects your dexterity (+4).
   It protects you from fire.
   It lets you see invisible.
Missiles
 e - 8 javelins (quivered)
 w - 545 bolts
Armour
 H - a scarf of repulsion (worn)
 J - a +0 pair of gloves (worn)
 Q - a +1 hat of see invisible (worn)
 Z - a +1 plate armour of poison resistance (worn)
Jewellery
 h - an amulet of reflection (around neck)
 z - an uncursed ring of protection from cold
 C - an uncursed ring of flight
 I - an uncursed ring of fire
 V - a ring of protection from magic (left hand)
 X - the ring "Toirchev" (right hand) {rElec Str+6 Slay+5 SInv Stlth-}
   (You bought it in a shop on level 1 of the Orcish Mines)

   [ring of strength]

   It affects your strength (+6).
   It affects your accuracy and damage with ranged weapons and melee attacks
   (+5).
   It insulates you from electricity.
   It lets you see invisible.
   It makes you less stealthy.
Wands
 a - a wand of enslavement (6)
 p - a wand of acid (40)
 E - a wand of flame (34)
 L - a wand of clouds (8)
 O - a wand of iceblast (20)
 W - a wand of paralysis (5)
Scrolls
 b - 4 scrolls of magic mapping {unknown}
 f - 4 scrolls of remove curse
 g - 2 scrolls of enchant weapon {unknown}
 j - a scroll of holy word
 n - 4 scrolls of fear
 o - 3 scrolls of fog
 q - 2 scrolls of immolation
 u - 11 scrolls of teleportation
 x - 4 scrolls of enchant armour
 y - 2 scrolls of brand weapon
 B - a scroll of identify
 D - a scroll of summoning
 K - 2 scrolls of blinking
 R - 2 scrolls of silence
Potions
 d - 10 potions of curing
 i - a potion of cancellation
 k - 10 potions of lignification
 l - a potion of haste {unknown}
 m - 4 potions of flight
 r - 5 potions of heal wounds
 s - a potion of mutation
 A - 2 potions of magic
 F - 3 potions of resistance
 G - 2 potions of stabbing
 P - a potion of invisibility
 T - 2 potions of might
Comestibles
 c - 27 rations


   Skills:
 - Level 12.3 Fighting
 * Level 20.8 Long Blades
 - Level 15.0 Armour
 - Level 14.3 Dodging


You had 14 spell levels left.
You didn't know any spells.
Your spell library contained the following spells:

 Spells                   Type           Power        Failure   Level  Hunger
 Animate Skeleton         Necr           N/A          94%         1    ##.....
 Apportation              Tloc           #.....       94%         1    ##.....
 Corona                   Hex            #......      94%         1    ##.....
 Magic Dart               Conj           #...         94%         1    ##.....
 Pain                     Necr           #...         94%         1    ##.....
 Summon Small Mammal      Summ           #...         94%         1    ##.....
 Blink                    Tloc           N/A          98%         2    ###....
 Call Imp                 Summ           #.......     98%         2    ###....
 Searing Ray              Conj           #.....       98%         2    ###....
 Slow                     Hex            #.......     98%         2    ###....
 Conjure Flame            Conj/Fire      #.......     100%        3    ####...
 Dazzling Flash           Conj/Hex       #.....       100%        3    ####...
 Mephitic Cloud           Conj/Pois/Air  #.......     100%        3    ####...
 Vampiric Draining        Necr           #.........   100%        3    ####...
 Animate Dead             Necr           N/A          100%        4    #####..
 Fulminant Prism          Conj/Hex       #.........   100%        4    #####..
 Iskenderun's Mystic Bla  Conj/Tloc      #.......     100%        4    #####..
 Agony                    Necr           #.......     100%        5    ######.


Dungeon Overview and Level Annotations

Branches:
Dungeon (15/15)            Temple (0/1) D:4            Lair (6/6) D:8
 Shoals (0/4) Lair:2       Spider (2/4) Lair:3        Slime (0/5) Lair:6
    Orc (2/2) D:9             Elf (0/3) Orc:2        Vaults (0/5) D:14
 Depths (0/5) D:15          Sewer (visited)

Altars:
Ashenzari
Cheibriados
Dithmenos
Fedhas
Gozag
Kikubaaqudgha
Makhleb
Nemelex Xobeh
Okawaru
Qazlal
Trog
Wu Jian
Yredelemnul
Beogh
Jiyva

Shops:
D:7 [!?:   D:10 [   Orc:1 =%   Orc:2 =*([

Annotations:
D:7 2 runed translucent doors, lorenzova's ghost, novice DECj
D:8 2 transporters
D:9 3 runed translucent doors, LostGamesStreakFreak's ghost, novice CeHu
D:10 3 runed translucent doors, sinister's ghost, journeyman MiFi
D:11 3 runed translucent doors, Cael's ghost, journeyman TrMo
D:13 exclusion: 2 oklob plants
Lair:5 exclusion: 3 oklob plants
Abyss:1 Harold


Innate Abilities, Weirdness & Mutations

You reflexively headbutt those who attack you in melee.
You have a pair of horns on your head.


Message History

Unknown command.
You slice the emperor scorpion!! You burn the emperor scorpion.
You headbutt the emperor scorpion, but do no damage.
The emperor scorpion is severely wounded.
Your deep troll bites the emperor scorpion!!
Your deep troll claws the emperor scorpion.
Your deep troll barely misses the emperor scorpion.
Your two-headed ogre hits the emperor scorpion with a +0 giant club!!
The emperor scorpion dies!
Trog accepts your kill.
The orb spider weaves a glowing orb of energy.
The jumping spider leaps!
Your deep troll misses the orb spider.
Your deep troll claws the orb spider but does no damage.
Your deep troll claws the orb spider!
An orb of destruction comes into view.
Your deep troll bites the orb spider!
Your deep troll claws the orb spider!!
The orb spider dies!
Trog accepts your kill. The orb of destruction hits you!!
You die...

... ###.....###.####
...######.....<......##.
.^...#.....#.......<#^.
###...#.#.°...###...##..
..............##^.†.....
#..sO†T†......###......
.#....○†#..#..####...##
..#..#†○.###..^.#.#.#..#
..(....@.# ##...#(.#..##
....###..# #.......####
(.. ^†.# ###....## ..
..... ##......#
#...####.....### ..#..
#.^.^..###### .^....
#.......##... ..#...#
#.#....####..
####...#)<...


You could see an orb spider (charged), a friendly two-headed ogre (summoned,
berserk) and a friendly deep troll (summoned, berserk).

Vanquished Creatures
  Gastronok (D:9)
  An emperor scorpion (Spider:2)
  A fire dragon (Lair:6)
  4 hydras
  3 centaur warriors
  Erica (D:9)
  6 two-headed ogres
  A queen ant (Lair:3)
  A death knight (D:15)
  A vampire mage (D:15)
  Urug (Lair:1)
  2 tengu warriors
  Nergalle (Lair:1)
  4 skeletal warriors (D:15)
  A lindwurm (Lair:6)
  Pikel (D:8)
  A wolf spider zombie (D:15)
  A phantasmal warrior (D:15)
  A necromancer (D:15)
  A spark wasp zombie (D:15)
  5 orc knights
  5 orb spiders
  A deep elf mage (D:15)
  2 ugly things
  3 cyclopes (D:14)
  4 wolf spiders
  2 orc sorcerers
  A fire giant skeleton (D:15)
  A centaur zombie (D:15)
  5 elephants (Lair:5)
  12 spiny frogs
  3 molten gargoyles (Lair:6)
  6 black mambas (Lair:6)
  A yaktaur zombie (D:15)
  A gargoyle (D:13)
  5 yaktaurs (D:15)
  A kobold demonologist (D:15)
  2 efreet
  3 demonic crawlers
  4 rime drakes
  2 centaur skeletons
  A yaktaur skeleton (D:15)
  A freezing wraith (D:15)
  13 komodo dragons
  A tengu conjurer (D:15)
  A wind drake (shapeshifter) (D:14)
  3 trolls
  8 jumping spiders
  A hornet (D:15)
  9 blink frogs
  11 dream sheep (Lair:6)
  10 hippogriffs
  2 water elementals (D:14)
  4 redbacks
  6 tarantellas
  41 yaks
  16 humans
  3 wraiths
  7 basilisks
  4 wyverns
  A hungry ghost (D:9)
  9 vampire mosquitoes
  5 soldier ants
  3 wargs (Orc:2)
  15 water moccasins
  5 hell hounds (Lair:6)
  A floating eye (D:13)
  7 porcupines
  42 orc warriors
  7 ice beasts
  3 phantoms
  7 sky beasts
  A black bear (D:10)
  3 slaves (D:8)
  12 ogres
  A hornet zombie (D:13)
  20 wolves
  13 centaurs
  14 crocodiles
  3 big kobolds
  Blork the orc (D:4)
  14 bullfrogs
  A wyvern zombie (D:14)
  4 scorpions
  5 wights (D:15)
  2 howler monkeys
  2 electric eels
  6 crimson imps
  2 bullfrog zombies
  3 lava snakes (Lair:6)
  10 hounds
  4 jellies
  16 orc priests
  23 orc wizards
  A bullfrog skeleton (D:12)
  Natasha (thrice) (D:2)
  2 iguanas
  23 worker ants
  A killer bee zombie (D:5)
  A hound zombie (D:5)
  3 hound skeletons
  2 howler monkey zombies
  A worker ant zombie (D:9)
  7 gnolls
  3 howler monkey skeletons
  10 adders
  9 river rats
  A shadow imp (D:9)
  An ooze (D:1)
  3 adder skeletons
  5 worms
  A dart slug (D:4)
  8 leopard geckos
  66 orcs
  6 ball pythons
  8 giant cockroaches
  6 goblins
  10 hobgoblins
  2 jackals (D:1)
  5 quokkas
  8 bats
  5 frilled lizards
  30 kobolds
  A leopard gecko skeleton (D:5)
  A quokka zombie (D:5)
  28 rats
771 creatures vanquished.

Vanquished Creatures (collateral kills)
  An emperor scorpion (Spider:2)
  An entropy weaver (Spider:1)
  A death knight (D:14)
  An orb spider (Spider:2)
  3 elephants (Lair:5)
  2 demonic crawlers
  2 redbacks
  2 yaks (Lair:5)
  3 tarantellas (Spider:1)
  2 wolves (Lair:5)
18 creatures vanquished.

Vanquished Creatures (others)
  A centaur (D:8)
  A scorpion (D:9)
  A crimson imp (D:14)
  An orc priest (D:9)
  An iguana (D:8)
  An orc (D:9)
  9 fungi
  8 plants
23 creatures vanquished.

Grand Total: 812 creatures vanquished

Notes
Turn   | Place    | Note
-------+----------+-------------------------------------------
     0 | D:1      | gruber the Minotaur Berserker began the quest for the Orb.
     0 | D:1      | Reached XP level 1. HP: 19/19 MP: 0/0
   108 | D:1      | Reached skill level 4 in Long Blades
   201 | D:1      | You fall into a shaft and drop 1 floor!
   248 | D:2      | Reached XP level 2. HP: 26/26 MP: 1/1
   333 | D:2      | Noticed Natasha
   341 | D:2      | Killed Natasha
   341 | D:2      | Reached skill level 5 in Long Blades
   341 | D:2      | Reached XP level 3. HP: 24/31 MP: 2/2
  1079 | D:2      | Found a sparkling altar of Nemelex Xobeh.
  1206 | D:2      | Reached skill level 6 in Long Blades
  1206 | D:2      | Reached XP level 4. HP: 39/39 MP: 3/3
  1222 | D:2      | Found a shattered altar of Ashenzari.
  1249 | D:2      | Reached ** piety under Trog
  1378 | D:2      | Noticed Natasha
  1383 | D:2      | Killed Natasha
  1562 | D:2      | Noticed Natasha
  1569 | D:2      | Killed Natasha
  1817 | D:3      | Reached skill level 7 in Long Blades
  1817 | D:3      | Reached XP level 5. HP: 35/45 MP: 4/4
  2046 | D:3      | Found a glowing drain.
  2055 | Sewer    | Entered a sewer
  2274 | Sewer    | Reached *** piety under Trog
  2416 | Sewer    | Reached skill level 8 in Long Blades
  2552 | Sewer    | Reached XP level 6. HP: 21/51 MP: 5/5
  2788 | Sewer    | Reached **** piety under Trog
  3827 | D:4      | Reached skill level 5 in Armour
  3945 | D:4      | Found a staircase to the Ecumenical Temple.
  3948 | D:4      | Noticed Blork the orc
  3968 | D:4      | Killed Blork the orc
  3968 | D:4      | Reached XP level 7. HP: 7/57 MP: 6/6
  4858 | D:4      | Found an ancient bone altar of Kikubaaqudgha.
  4956 | D:4      | Found a basalt altar of Yredelemnul.
  4972 | D:4      | Reached XP level 8. HP: 46/64 MP: 7/7
  5426 | D:5      | Entered Level 5 of the Dungeon
  5710 | D:5      | Reached skill level 5 in Dodging
  5756 | D:5      | Found an ornate altar of the Wu Jian Council.
  6221 | D:5      | Found a snail-covered altar of Cheibriados.
  6335 | D:6      | Found a bloodstained altar of Trog.
  6336 | D:6      | Found a burning altar of Makhleb.
  6824 | D:6      | Reached ***** piety under Trog
  6824 | D:6      | Reached XP level 9. HP: 70/70 MP: 8/8
  7006 | D:7      | Found Tutoddapt's Distillery.
  7006 | D:7      | Found Emoil's Book Emporium.
  7007 | D:7      | Found a stormy altar of Qazlal.
  7052 | D:7      | Bought a potion of curing for 42 gold pieces
  7169 | D:7      | Found a large runed translucent door.
  7169 | D:7      | Found a large runed translucent door.
  7175 | D:7      | Noticed lorenzova's ghost (novice DECj)
  7208 | D:7      | Found Lify's Antique Armour Boutique.
  7250 | D:7      | Found Leikluc's Magic Scroll Shop.
  7258 | D:7      | Bought a scroll of blinking for 82 gold pieces
  7258 | D:7      | Bought a scroll of identify for 22 gold pieces
  7524 | D:8      | Found a blossoming altar of Fedhas.
  7527 | D:8      | Found an iron altar of Okawaru.
  7734 | D:8      | Found a staircase to the Lair.
  7760 | D:8      | Noticed Pikel
  7777 | D:8      | Killed Pikel
  7777 | D:8      | Reached skill level 10 in Dodging
  7955 | D:8      | Found a shadowy altar of Dithmenos.
  7959 | D:8      | Noticed a centaur warrior
  7959 | D:8      | Noticed an orc knight
  7961 | D:8      | Found a transporter.
  8141 | D:8      | Found a transporter.
  8206 | D:9      | Noticed Gastronok
  8386 | D:9      | Killed Gastronok
  8386 | D:9      | Reached XP level 10. HP: 36/77 MP: 9/9
  8403 | D:9      | Lost intelligence.
  8608 | D:9      | Noticed Erica
  8615 | D:9      | Killed Erica
  8624 | D:9      | Noticed Harold
  8634 | D:9      | Banished Harold
  9166 | D:9      | Reached skill level 5 in Fighting
  9230 | D:9      | Reached XP level 11. HP: 85/88 MP: 10/10
  9325 | D:9      | Found a runed translucent gate.
  9326 | D:9      | Found a runed translucent gate.
  9327 | D:9      | Found a runed translucent gate.
  9328 | D:9      | Found an opulent altar of Gozag.
  9329 | D:9      | Noticed a deep troll
  9329 | D:9      | Noticed LostGamesStreakFreak's ghost (novice CeHu)
  9331 | D:9      | Noticed a centaur warrior
  9505 | D:9      | Found a staircase to the Orcish Mines.
  9754 | D:10     | Entered Level 10 of the Dungeon
  9755 | D:10     | Noticed a two-headed ogre
  9764 | D:10     | Killed a two-headed ogre
  9918 | D:10     | Noticed a two-headed ogre
  9925 | D:10     | Killed a two-headed ogre
 10349 | D:10     | Found a runed translucent gate.
 10350 | D:10     | Found an opulent altar of Gozag.
 10355 | D:10     | Found a runed translucent gate.
 10356 | D:10     | Found a runed translucent gate.
 10414 | D:10     | Noticed sinister's ghost (journeyman MiFi)
 10456 | D:10     | Received a gift from Trog
 10563 | D:10     | Noticed a two-headed ogre
 10568 | D:10     | Killed a two-headed ogre
 10668 | D:10     | Found Ixtugun's Antique Armour Boutique.
 10837 | D:11     | Found a runed translucent gate.
 10837 | D:11     | Found a runed translucent gate.
 10837 | D:11     | Found a runed translucent gate.
 10968 | D:11     | Noticed a minotaur
 10969 | D:11     | Identified the +6 scale mail of the True Pharaoh {MR++
                  | Int-2}
 10970 | D:11     | Noticed Cael's ghost (journeyman TrMo)
 11109 | D:11     | Noticed a cyan ugly thing
 11120 | D:11     | Killed a cyan ugly thing
 11325 | D:11     | Reached skill level 10 in Fighting
 11618 | D:12     | Noticed a cyan ugly thing
 11631 | D:12     | Killed a cyan ugly thing
 11925 | D:12     | You fall into a shaft and drop 2 floors!
 11964 | D:14     | Noticed a centaur warrior
 11976 | D:14     | Killed a centaur warrior
 12732 | D:14     | Found a shadowy altar of Dithmenos.
 12780 | D:14     | Noticed a death knight
 12792 | D:14     | Killed a death knight
 12800 | D:14     | Got an iridescent long sword
 12801 | D:14     | Identified the cursed +2 long sword of Defiance {freeze,
                  | rF+ Dex+4 SInv} (You found it on level 14 of the Dungeon)
 12831 | D:13     | Reached skill level 10 in Armour
 12833 | D:13     | Reached XP level 12. HP: 57/112 MP: 11/11
 13194 | D:12     | Noticed a two-headed ogre
 13200 | D:12     | Killed a two-headed ogre
 13239 | D:12     | Noticed a two-headed ogre
 13247 | D:12     | Killed a two-headed ogre
 13923 | D:13     | Noticed a tengu warrior
 13935 | D:13     | Killed a tengu warrior
 14733 | Lair:1   | Entered Level 1 of the Lair of Beasts
 14835 | Lair:1   | Noticed Urug
 14849 | Lair:1   | Killed Urug
 15644 | Lair:1   | Noticed Nergalle
 15650 | Lair:1   | Reached ****** piety under Trog
 15664 | Lair:1   | Killed Nergalle
 16314 | Lair:2   | Received a gift from Trog
 16695 | Lair:2   | Reached skill level 15 in Armour
 16900 | Lair:2   | Found a staircase to the Shoals.
 16919 | Lair:2   | Reached XP level 13. HP: 104/118 MP: 12/12
 17338 | Lair:3   | Reached skill level 9 in Long Blades
 17725 | Lair:3   | Received a gift from Trog
 17725 | Lair:3   | Reached skill level 10 in Long Blades
 18185 | Lair:3   | Reached skill level 11 in Long Blades
 18313 | Lair:3   | Found a hole to the Spider Nest.
 18533 | Lair:3   | You fall into a shaft and drop 2 floors!
 18561 | Lair:5   | Reached skill level 12 in Long Blades
 19713 | Lair:4   | Reached skill level 13 in Long Blades
 20513 | Lair:5   | Reached skill level 14 in Long Blades
 21336 | Lair:6   | Entered Level 6 of the Lair of Beasts
 21478 | Lair:6   | Found a large runed translucent door.
 21731 | Lair:6   | Reached XP level 14. HP: 105/126 MP: 13/13
 21753 | Lair:6   | Reached skill level 15 in Long Blades
 21825 | Lair:6   | Received a gift from Trog
 22216 | Lair:6   | Found a large runed translucent door.
 22465 | Lair:6   | Reached skill level 16 in Long Blades
 22666 | Lair:6   | Found a viscous altar of Jiyva.
 22669 | Lair:6   | Found a staircase to the Slime Pits.
 23620 | Orc:1    | Entered Level 1 of the Orcish Mines
 23622 | Orc:1    | Found a roughly hewn altar of Beogh.
 23730 | Orc:1    | Received a gift from Trog
 23934 | Orc:1    | Found a roughly hewn altar of Beogh.
 23963 | Orc:1    | Found Tutan's Food Emporium.
 24049 | Orc:1    | Found Fehoz's Jewellery Boutique.
 24057 | Orc:1    | Bought the ring "Toirchev" {rElec Str+6 Slay+5 SInv Stlth-}
                  | for 1251 gold pieces
 24188 | Orc:2    | Entered Level 2 of the Orcish Mines
 24196 | Orc:2    | Reached skill level 17 in Long Blades
 24223 | Orc:2    | Found a staircase to the Elven Halls.
 24830 | Orc:2    | Found Riatyvy's General Store.
 24830 | Orc:2    | Found Lacrizxi's Weapon Boutique.
 24832 | Orc:2    | Found Vuhic's Antique Armour Shop.
 24834 | Orc:2    | Found Leunati's Jewellery Emporium.
 24838 | Orc:2    | Bought a scarf of repulsion for 168 gold pieces
 24838 | Orc:2    | Bought a scroll of teleportation for 42 gold pieces
 26180 | D:14     | Found a gate to the Vaults.
 26188 | D:13     | Reached skill level 18 in Long Blades
 26246 | D:14     | Received a gift from Trog
 27144 | D:15     | Entered Level 15 of the Dungeon
 27288 | D:15     | Reached XP level 15. HP: 118/133 MP: 14/14
 27463 | D:15     | Reached skill level 19 in Long Blades
 27475 | D:15     | Found a staircase to the Depths.
 28382 | D:15     | Identified the +7 hand axe of the Apocalypse {flame, *Rage
                  | rElec rN+ SInv}
 28839 | Spider:1 | Entered Level 1 of the Spider Nest
 28874 | Spider:1 | Reached skill level 20 in Long Blades
 29659 | Spider:2 | Received a gift from Trog
 30285 | Spider:2 | Blown up by an orb spider

Illustrated notes

Levels and vault maps discovered:
D:1:      saegor_arrival_simple_a, layout_loops_ring
D:2:      layout_basic, ashenzari_altar_1, nemelex_xobeh_ov_fountains_minmay,
          hangedman_decor_clover_reticule, minmay_pentomino_t2, uniq_natasha
D:3:      layout_basic, lightli_sewer_entry_pipes, guppyfry_early_lair_pool
D:4:      layout_basic, lemuel_doored_altar, minmay_temple_entry_large_hall,
          yredelemnul_altar_generic, uniq_blork_the_orc
D:5:      layout_loops_ring, kennysheep_mini_moat, kennysheep_little_box,
          first_ration, chequers_serial_rivers_micro_d
D:6:      layout_basic, gammafunk_temple_overflow_statue
D:7:      layout_loops_ring, grunt_qazlal_sundering,
          ebering_ghost_disaster_area, serial_shops, shop, shop, shop_statue,
          shop
D:8:      layout_cave_pools, fedhas_bush_and_centaur_altar, okawaru_gym_becter,
          gammafunk_temple_overflow_arena, lair_entry_dummy, uniq_pikel
D:9:      layout_loops_ring, orc_0_dummy, ebering_ghost_gozag, grunt_pizzeria,
          palyth_stone_intersect, uniq_gastronok, uniq_harold, uniq_erica
D:10:     layout_cave_pools, ebering_ghost_gozag, serial_shops,
          nicolae_shop_behind_doors, grunt_ministairs_3
D:11:     layout_stronghold, maelrawn_ghost_gauntlet_escape
D:12:     layout_cave_pools, abandoned_shop
D:13:     layout_gridville, disabler_island
D:14:     layout_irregular_city, david_vaults_3,
          nicolae_dithmenos_shadow_blocks, portal_ice_cave_rime,
          serial_bayou_lagoon_b
D:15:     gammafunk_depths_entry_grave, layout_basic, minmay_misc_feat_encased,
          grunt_ministairs_14
Lair:1:   layout_cave_pods, uniq_nergalle, uniq_urug
Lair:2:   layout_regular_city, elwin_shoals_entry_rocks, beast_lair_carwin_10
Lair:3:   layout_regular_city, nicolae_spider_entry_non_spiders,
          serial_bayou_lagoon_a, chequers_serial_rivers_micro_d,
          minmay_another_anthill, infiniplex_staircase_pool
Lair:4:   layout_hall_layers
Lair:5:   layout_cellular_growth, gauntlet_entry_generic, grunt_megastairs_1,
          minmay_lair_oklob_chamber
Lair:6:   cheibrodos_lair_end_hotspot, layout_misc_corridors, slime_altar_1
Spider:1: layout_spider_delve
Spider:2: layout_spider_delve, uniq_roxanne
Orc:1:    layout_caves, serial_shops, nicolae_shop_stone, basic_altar,
          minmay_shop_enchanted_jewellery, david_defended_altar_orc
Orc:2:    st_orc_rangers, layout_caves

Skill      XL: |  1  2  3  4  5  6  7  8  9 10 11 12 13 14 15 |
---------------+----------------------------------------------+-----
Long Blades    | 4 5 6 7 8 14 18 20 | 20.8
Armour         | 6 8 9 10 15 | 15.0
Dodging        | 7 12 14 | 14.3
Fighting       | 5 12 | 12.3

Action                   |  1- 3 |  4- 6 |  7- 9 | 10-12 | 13-15 || total
-------------------------+-------+-------+-------+-------+-------++-------
Melee: Falchion          |    66 |   204 |   220 |       |       ||   490
       Headbutt          |     9 |    30 |    70 |   180 |   322 ||   611
       Long sword        |       |       |    69 |   232 |   476 ||   777
       Scimitar          |       |       |       |   120 |    11 ||   131
       Double sword      |       |       |       |    63 |       ||    63
       Triple sword      |       |       |       |    20 |    67 ||    87
       Demon blade       |       |       |       |       |   492 ||   492
Invok: Berserk           |     1 |     2 |       |     3 |     4 ||    10
       Brothers in Arms  |       |       |       |     1 |     5 ||     6
       Trog's Hand       |       |       |       |       |     3 ||     3
  Use: Scroll            |       |       |       |    16 |    15 ||    31
 Stab: Distracted        |       |       |       |       |     2 ||     2
  Eat: Chunk             |     2 |     7 |    10 |    29 |    38 ||    86
       Ration            |       |     1 |     1 |     1 |     4 ||     7
Armor: Animal skin       |     8 |    17 |     5 |       |       ||    30
       Ring mail         |       |       |    71 |    14 |       ||    85
       Plate armour      |       |       |       |   179 |   482 ||   661
Dodge: Dodged            |    35 |   117 |   146 |   372 |   670 ||  1340
       Repelled          |       |       |       |       |    13 ||    13
Block: Other             |    13 |    37 |    60 |       |   148 ||   258
       Reflection        |     1 |     2 |     1 |       |    25 ||    29
       Rpst.: Falchion   |     9 |    35 |    22 |       |       ||    66
       Long sword        |       |       |    18 |    41 |    84 ||   143
       Scimitar          |       |       |       |    24 |     1 ||    25
       Double sword      |       |       |       |    17 |       ||    17
       Triple sword      |       |       |       |     9 |    10 ||    19
       Demon blade       |       |       |       |       |    66 ||    66
